Map: 뉴 리퍼그넌시 - 래더

Players

soO

  • Race: Zerg Zerg
  • Spawn Location: 1:00

Dear - Winner!

  • Race: Protoss Protoss
  • Spawn Location: 7:00

Event: IEM Season 13: Katowice (2019)

VOD

Have the link to the VOD?

Description

Time

  • Played on: March 1, 2019, 11:44 a.m.
  • Length: 12:10

All games in this series

Show
View Real Time Build Order
Export as new Build Order

soO Zerg 

Build Orders: Hatch First, Roach Hydra 

Get SALT Encoding   

  12  0:00  Drone  
  13  0:12  Overlord  
  13  0:17  Drone  
  14  0:31  Drone x2  
  16  0:47  Hatchery  
  15  0:51  Drone  
  15  0:55  Drone  
  17  0:58  Drone  
  18  1:09  Extractor  
  17  1:14  Spawning Pool  
  17  1:16  Drone  
  17  1:21  Drone  
  18  1:29  Drone  
  19  1:39  Drone  
  20  1:48  Hatchery  
  20  1:50  Drone  
  20  2:01  Queen  
  20  2:04  Drone  
  20  2:06  Drone  
  24  2:10  Drone  
  25  2:16  Overlord  
  25  2:22  Metabolic Boost  
  25  2:29  Queen  
  25  2:33  Drone  
  25  2:35  Zergling x2  
  29  2:37  Zergling x2  
  29  2:42  Drone x2  
  32  2:49  Queen  
  34  2:54  Drone x2  
  36  3:01  Queen  
  36  3:02  Drone  
  39  3:06  Drone  
  39  3:11  Overlord  
  40  3:13  Drone x2  
  42  3:22  Overlord  
  42  3:30  Drone x4  
  42  3:32  Queen  
  48  3:35  Drone, Spore Crawler  
  48  3:37  Drone x2  
  50  3:43  Drone  
  50  3:47  Drone  
  50  3:48  Drone  
  53  3:49  Drone x2  
  53  3:53  Lair  
  55  3:57  Drone x2  
  55  3:58  Drone  
  55  4:01  Overlord  
  58  4:10  Extractor x2  
  58  4:12  Overlord  
  56  4:19  Overlord, Spore Crawler  
  56  4:21  Zergling x8  
  56  4:23  Drone x3  
  62  4:26  Drone, Roach Warren  
  62  4:33  Overlord  
  62  4:36  Zergling x8  
  66  4:49  Overlord  
  66  4:51  Drone x3  
  69  4:57  Overseer  
  68  5:07  Roach x6  
  68  5:11  Roach  
  82  5:14  Zergling x6  
  82  5:18  Roach  
  82  5:20  Zergling x12  
  89  5:25  Roach  
  89  5:28  Roach  
  90  5:37  Glial Reconstitution  
  90  5:40  Overseer, Overlord  
  90  5:42  Overlord  
  90  5:43  Overlord  
  88  5:50  Drone  
  88  5:51  Overlord  
  88  5:52  Overlord  
  89  6:01  Overlord  
  89  6:03  Roach x3  
  89  6:04  Roach x2  
  99  6:05  Roach  
  99  6:07  Extractor  
  99  6:09  Roach x7  
  113  6:19  Overlord  
  113  6:21  Roach x4  
  113  6:24  Overseer  
  121  6:26  Queen  
  121  6:28  Overlord  
  123  6:33  Overlord  
  123  6:38  Roach x6  
  135  6:45  Drone x4  
  137  6:51  Drone x6  
  143  6:54  Hydralisk Den  
  143  7:00  Evolution Chamber  
  141  7:08  Drone x4  
  143  7:09  Overlord  
  143  7:12  Extractor  
  143  7:19  Overlord x2  
  143  7:24  Roach x5  
  143  7:25  Overlord  
  143  7:26  Overlord  
  143  7:28  Overlord  
  150  7:33  Zerg Missile Weapons Level 1  
  150  7:39  Hydralisk x4  
  150  7:44  Hydralisk x2  
  158  7:49  Drone x3  
  163  7:54  Hydralisk x3  
  169  8:05  Hydralisk x4  
  177  8:24  Grooved Spines  
  177  8:30  Drone  
  178  8:35  Hydralisk x4  
  178  8:36  Roach  
  178  8:39  Hatchery  
  187  8:47  Overseer  
  186  8:54  Hydralisk x3  
  198  8:55  Roach x3  
  189  9:24  Overseer  
  191  9:31  Roach x5  
  191  9:33  Extractor  
  191  9:35  Muscular Augments  
  191  9:38  Lurker Den  
  197  9:45  Spore Crawler  
  197  9:48  Spore Crawler  
  197  9:51  Zerg Missile Weapons Level 2  
  195  9:59  Zergling x10  
  200  10:02  Pneumatized Carapace  
  200  10:17  Spore Crawler  
  199  10:25  Drone  
  181  10:37  Roach x9  
  197  10:47  Overseer x4  
  197  10:49  Roach x5  
  200  10:51  Roach  
  200  10:52  Roach x3  
  200  10:54  Roach x6  
  200  10:55  Roach x4  
  200  10:56  Roach, Hydralisk x2  
  195  10:57  Zergling x4  
  195  10:58  Zergling x4  
  195  10:59  Zergling x4  
  195  11:00  Zergling x2  
  195  11:01  Hydralisk, Zergling x2  
  195  11:02  Hydralisk  
  167  11:08  Roach  
  167  11:09  Roach x2  
  157  11:15  Roach  
  157  11:16  Roach  
  157  11:17  Roach x2  
  163  11:22  Hydralisk x3  
  163  11:23  Hydralisk x3  
  173  11:27  Hydralisk  
  173  11:32  Hydralisk x3  
  173  11:38  Overlord  
  179  11:40  Overlord  
  179  11:42  Overlord  
  163  11:47  Roach  
Show
View Real Time Build Order
Export as new Build Order

Dear Protoss - Winner!

Build Orders: 1 Gate Expand, Archon Immortal, Archon Drop, Dark Templar Rush 

Get SALT Encoding   

  12  0:00  Probe  
  13  0:12  Probe  
  14  0:19  Pylon  
  14  0:24  Probe  
  15  0:33  Probe  
  15  0:41  Probe  
  16  0:43  Gateway  
  16  0:48  Assimilator  
  17  0:51  Probe  
  18  1:03  Probe  
  19  1:15  Probe  
  20  1:24  Nexus  
  20  1:27  Probe  
  21  1:37  Cybernetics Core  
  21  1:42  Assimilator  
  21  1:43  Probe  
  22  1:51  Pylon  
  22  1:55  Probe  
  23  2:03  Adept  
  23  2:09  Probe  
  26  2:21  Probe  
  27  2:24  Warp Gate  
  27  2:29  Twilight Council  
  27  2:30  Probe  
  27  2:32  Probe  
  27  2:33  Stalker  
  31  2:38  Probe  
  31  2:40  Probe  
  32  2:47  Probe  
  32  2:50  Probe  
  34  2:55  Robotics Facility  
  35  2:59  Probe  
  35  3:02  Probe  
  37  3:11  Probe  
  38  3:14  Probe  
  38  3:16  Dark Shrine  
  39  3:25  Gateway  
  39  3:26  Probe x2  
  41  3:27  Gateway  
  41  3:36  Gateway, Warp Prism  
  41  3:38  Probe x2  
  41  3:39  Pylon  
  45  3:49  Assimilator  
  45  3:51  Probe  
  45  3:53  Assimilator  
  46  3:57  Probe  
  46  3:58  Pylon  
  47  4:02  Warp Prism  
  47  4:03  Probe  
  47  4:09  Probe  
  49  4:15  Probe  
  52  4:21  Probe  
  52  4:23  Pylon  
  53  4:32  Dark Templar  
  53  4:33  Dark Templar x3  
  53  4:36  Archon  
  53  4:37  Archon  
  61  4:42  Observer  
  61  4:44  Forge  
  62  4:46  Pylon  
  62  5:00  Protoss Ground Weapons Level 1  
  62  5:03  Immortal  
  66  5:09  Pylon  
  66  5:10  Dark Templar  
  66  5:12  Dark Templar  
  66  5:38  Gateway  
  66  5:39  Gateway  
  66  5:40  Gateway, Charge  
  66  5:41  Gateway  
  66  5:42  Immortal  
  70  6:04  Pylon  
  70  6:08  Probe  
  68  6:19  Protoss Ground Weapons Level 2  
  68  6:21  Immortal  
  72  6:26  Zealot x3  
  72  6:27  Zealot  
  80  6:37  Nexus  
  80  6:39  Pylon  
  80  6:44  Dark Templar  
  80  6:45  Dark Templar  
  83  6:47  Dark Templar x2  
  83  6:49  Probe  
  83  6:51  Immortal, Archon x2  
  88  7:01  Nexus, Pylon  
  88  7:07  Pylon  
  92  7:19  Sentry x2, Zealot  
  92  7:20  Zealot x3  
  104  7:27  Pylon  
  104  7:29  Sentry  
  106  7:30  Nexus  
  106  7:31  Zealot  
  106  7:35  Immortal  
  112  7:50  Sentry  
  114  7:52  Probe x2  
  114  7:54  Pylon  
  114  7:55  Sentry  
  118  8:03  Immortal  
  118  8:11  Protoss Ground Weapons Level 3  
  118  8:15  Sentry  
  118  8:16  Probe x2  
  126  8:24  Pylon  
  126  8:28  Probe x2  
  128  8:37  Pylon  
  128  8:38  Immortal  
  128  8:40  Probe x2  
  134  8:58  Assimilator  
  134  9:02  Assimilator  
  134  9:06  Zealot x5  
  134  9:07  Zealot x2  
  134  9:08  Zealot  
  149  9:11  Observer  
  145  9:24  Probe x3  
  147  9:26  Templar Archives  
  147  9:27  Pylon  
  147  9:30  Immortal  
  147  9:37  Pylon  
  151  9:40  Psionic Storm  
  151  9:41  Zealot x2  
  151  9:42  Probe x3  
  156  10:03  High Templar x3  
  156  10:06  Pylon  
  162  10:08  High Templar  
  162  10:10  Zealot x4  
  172  10:16  Immortal  
  172  10:20  Pylon  
  176  10:30  Pylon  
  174  10:41  Zealot x3  
  174  10:42  Zealot x5  
  155  11:02  Zealot x3  
  155  11:03  Zealot x4  
  137  11:18  Gateway  
  135  11:20  Gateway  
  131  11:26  Immortal  
  131  11:27  High Templar x2  
  131  11:28  High Templar x3  
  131  11:29  Zealot, High Templar  
  131  11:32  Archon x2  
  145  11:33  Archon  
  123  11:58  Archon  
  109  12:03  Zealot x2  
  109  12:04  Zealot x5  

Tags
 
Add a new tag
Caveats
  • Supply blocks, unpowered buildings, or Contaminate may cause inaccurate times.
  • Supply counts are checked every 10 seconds.